 Dungeon Crawl Stone Soup version 0.28.0-53-g5a82cb258f (webtiles) character file.

Game seed: 11628082976320449894

100 brightshaft the Ducker (level 4, -4/38 HPs)
             Began as a Gnoll Gladiator on June 30, 2022.
             Killed by divine providence
             ... invoked by an orc priest
              (12 damage)
             ... on level 3 of the Dungeon on July 4, 2022.
             The game lasted 00:02:44 (1934 turns).

brightshaft the Ducker (Gnoll Gladiator)            Turns: 1934, Time: 00:02:44

Health: -4/38      AC:  6    Str: 16    XL:     4   Next: 74%
Magic:  5/5        EV: 13    Int:  7    God:
Gold:   77         SH:  0    Dex: 13    Spells: 5/5 levels left

rFire   . . .      SeeInvis .   a - +0 quarterstaff
rCold   + . .      Faith    .   (shield currently unavailable)
rNeg    . . .      Spirit   .   g - +0 ring mail
rPois   .          Reflect  .   c - +0 helmet
rElec   .          Harm     .   (no cloak)
rCorr   .          Rampage  .   (no gloves)
Will    .....                   (no boots)
Stlth   +.........              (no amulet)
HPRegen 0.12/turn               e - ring of protection from cold
MPRegen 0.09/turn               (no ring)

@: no status effects
A: fangs 1, strong nose, distributed training
a: no special abilities


You were on level 3 of the Dungeon.
You visited 1 branch of the dungeon, and saw 3 of its levels.

You collected 77 gold pieces.

Inventory:

Hand Weapons
 a - a +0 quarterstaff (weapon)
Missiles
 d - 3 throwing nets (quivered)
Armour
 c - a +0 helmet (worn)
 g - a +0 ring mail (worn)
Magical Staves
 f - a staff of poison
Jewellery
 e - a ring of protection from cold (left hand)
Scrolls
 i - a scroll of torment {unknown}
 j - a scroll of enchant weapon {unknown}
Potions
 b - a potion of attraction {unknown}
 h - 2 potions of flight {unknown}
 k - 2 potions of berserk rage {unknown}
 l - a potion of degeneration {unknown}
 m - a potion of lignification {unknown}


   Skills:
 + Level 4.7 Fighting
 + Level 1.2 Short Blades
 + Level 1.2 Long Blades
 + Level 1.2 Axes
 + Level 1.2 Maces & Flails
 + Level 1.2 Polearms
 + Level 6.6 Staves
 + Level 1.2 Slings
 + Level 1.2 Bows
 + Level 1.2 Crossbows
 + Level 4.7 Throwing
 + Level 1.2 Armour
 + Level 6.6 Dodging
 + Level 1.2 Stealth
 + Level 1.2 Shields
 + Level 1.2 Unarmed Combat
 + Level 1.2 Spellcasting
 + Level 1.0 Conjurations
 + Level 1.0 Hexes
 + Level 1.0 Summonings
 + Level 1.0 Necromancy
 + Level 1.0 Translocations
 + Level 1.0 Transmutations
 + Level 1.0 Fire Magic
 + Level 1.0 Ice Magic
 + Level 1.0 Air Magic
 + Level 1.0 Earth Magic
 + Level 1.0 Poison Magic
 + Level 1.3 Invocations
 + Level 1.2 Evocations


You had 5 spell levels left.
You didn't know any spells.
Your spell library was empty.

Dungeon Overview and Level Annotations

Branches:
Dungeon (3/15)

Altars:
Yredelemnul


Innate Abilities, Weirdness & Mutations

You have very sharp teeth.
Your uncanny sense of smell can sniff out nearby items.
Your experience applies equally to all skills.


Message History

The orc is heavily wounded.
The orc hits you with a +0 trident. The orc priest barely misses you.
You are too injured to fight recklessly!
You are too injured to fight recklessly!
You are too injured to fight recklessly!
You are too injured to fight recklessly!
The orc barely misses you. The orc wizard casts a spell at you.
You resist with some effort.
The orc priest hits you but does no damage.
The orc priest invokes the aid of Beogh against you.
Beogh smites you!
The orc priest calls down the wrath of Beogh upon you.
Pain shoots through your body!
* * * LOW HITPOINT WARNING * * *
There is an open door here.
There is an open door here.
You see here a +0 short sword.
The endoplasm hits you but does no damage.
You see here a +0 short sword.
You hit the endoplasm but do no damage. The orc barely misses you.
The endoplasm freezes you.
You are frozen.
You resist.
* * * LOW HITPOINT WARNING * * *
You hit the endoplasm. Your bite misses the endoplasm.
The endoplasm is lightly wounded.
The orc barely misses you.
The endoplasm hits you but does no damage.
You hit the endoplasm.
You kill the endoplasm!
The orc hits you from afar with a +0 trident.
* * * LOW HITPOINT WARNING * * *
The orc wizard mumbles some strange words.
The orc wizard flickers and vanishes!
Deactivating autopickup; reactivate with Ctrl-A.
The orc priest miscasts a cantrip.
The orc barely misses you.
The orc priest mumbles some strange prayers to Beogh against you.
Beogh smites you!
You die...

######## #......#
##.###.# #.# #.# ######
#.# #.# #....# #.#
#.#####
#...)########.###.....#
+....'o{o@)........>#.#
#....########.#####.#.#
#....# #... #.#.#
###'#############
#.#.#### #.#...)..#
#.#..... #o#......#
#.###### ∆ #........#
#.. ###.o..?.# ..#
#..o###+##


You could see an orc priest and an orc.

Vanquished Creatures
  Natasha (D:2)
  An adder (D:2)
  2 dart slugs (D:2)
  An orc (D:3)
  5 ball pythons
  4 bats
  5 endoplasms
  3 giant cockroaches (D:1)
  6 goblins
  3 hobgoblins
  9 jackals
  2 frilled lizards
  11 kobolds
  6 rats
  A spectral orc (D:3)
60 creatures vanquished.

Vanquished Creatures (others)
  A plant (D:2)
1 creature vanquished.

Grand Total: 61 creatures vanquished

Notes
Turn   | Place    | Note
-------+----------+-------------------------------------------
     0 | D:1      | brightshaft the Gnoll Gladiator began the quest for the
                  | Orb.
     0 | D:1      | Reached XP level 1. HP: 20/20 MP: 1/1
   149 | D:1      | Reached XP level 2. HP: 16/26 MP: 2/2
   518 | D:1      | Reached XP level 3. HP: 30/31 MP: 3/3
  1046 | D:1      | Reached skill level 1 in Invocations
  1284 | D:2      | Found a faded altar of an unknown god.
  1336 | D:2      | Reached skill level 1 in Short Blades
  1336 | D:2      | Reached skill level 1 in Long Blades
  1336 | D:2      | Reached skill level 1 in Axes
  1336 | D:2      | Reached skill level 1 in Maces & Flails
  1336 | D:2      | Reached skill level 1 in Polearms
  1336 | D:2      | Reached skill level 1 in Slings
  1336 | D:2      | Reached skill level 1 in Bows
  1336 | D:2      | Reached skill level 1 in Crossbows
  1336 | D:2      | Reached skill level 1 in Armour
  1336 | D:2      | Reached skill level 1 in Stealth
  1336 | D:2      | Reached skill level 1 in Shields
  1336 | D:2      | Reached skill level 1 in Unarmed Combat
  1336 | D:2      | Reached skill level 1 in Spellcasting
  1336 | D:2      | Reached skill level 1 in Evocations
  1345 | D:2      | Reached XP level 4. HP: 38/38 MP: 5/5
  1398 | D:2      | Noticed Natasha
  1406 | D:2      | Killed Natasha
  1538 | D:2      | You fall into a shaft and drop 1 floor!
  1580 | D:3      | Reached skill level 1 in Conjurations
  1580 | D:3      | Reached skill level 1 in Hexes
  1580 | D:3      | Reached skill level 1 in Summonings
  1580 | D:3      | Reached skill level 1 in Necromancy
  1580 | D:3      | Reached skill level 1 in Translocations
  1580 | D:3      | Reached skill level 1 in Transmutations
  1580 | D:3      | Reached skill level 1 in Fire Magic
  1580 | D:3      | Reached skill level 1 in Ice Magic
  1580 | D:3      | Reached skill level 1 in Air Magic
  1580 | D:3      | Reached skill level 1 in Earth Magic
  1580 | D:3      | Reached skill level 1 in Poison Magic
  1818 | D:3      | Found a basalt altar of Yredelemnul.
  1934 | D:3      | Killed from afar by an orc priest

Illustrated notes

Levels and vault maps discovered:
D:1:      erik_arrival_cave_to_civilisation [erik_arrival_cave_to_hall],
          layout_loops_ring, hangedman_decor_lopped
D:2:      layout_rooms, shapermc_ecumenical_altar_flowoftime,
          nicolae_concentric_dashed_squares_wild, uniq_natasha
D:3:      minmay_chambers_of_twos, layout_basic,
          yredelemnul_forgotten_temple_becter, minmay_misc_feat_rows,
          minmay_between

Skill      XL: |  1  2  3  4 |
---------------+-------------+-----
Invocations    | 1 |  1.3
Short Blades   | 1 |  1.2
Long Blades    | 1 |  1.2
Axes           | 1 |  1.2
Maces & Flails | 1 |  1.2
Polearms       | 1 |  1.2
Slings         | 1 |  1.2
Bows           | 1 |  1.2
Crossbows      | 1 |  1.2
Armour         | 1 |  1.2
Stealth        | 1 |  1.2
Shields        | 1 |  1.2
Unarmed Combat | 1 |  1.2
Spellcasting   | 1 |  1.2
Evocations     | 1 |  1.2
Conjurations   | 1 |  1.0
Hexes          | 1 |  1.0
Summonings     | 1 |  1.0
Necromancy     | 1 |  1.0
Translocations | 1 |  1.0
Transmutations | 1 |  1.0
Fire Magic     | 1 |  1.0
Ice Magic      | 1 |  1.0
Air Magic      | 1 |  1.0
Earth Magic    | 1 |  1.0
Poison Magic   | 1 |  1.0
Fighting       | |  4.7
Staves         | |  6.6
Throwing       | |  4.7
Dodging        | |  6.6

Action                   |  1- 3 |  4- 6 || total
-------------------------+-------+-------++-------
Melee: Quarterstaff      |   108 |    55 ||   163
       Bite              |    11 |     3 ||    14
Armor: Leather armour    |    11 |       ||    11
       Ring mail         |    25 |    25 ||    50
Dodge: Dodged            |    99 |    39 ||   138
